 Dungeon Crawl Stone Soup version 0.15.0-11-g6f4f891 (webtiles) character file.

181404 Simboubou the Warrior (level 17, -13/162 (165) HPs)
             Began as a Minotaur Berserker on Aug 29, 2014.
             Was a High Priest of Trog.
             Thrown by an octopode crusher (39 damage)
             ... on Level 1 of the Depths on Aug 31, 2014.
             The game lasted 05:30:09 (48306 turns).

Simboubou the Warrior (Minotaur Berserker)         Turns: 48306, Time: 05:30:09

HP -13/162 (165) AC 29     Str 28      XL: 17   Next: 67%
MP   6/6         EV 14     Int  3      God: Trog [*****.]
Gold 1685        SH  0     Dex 17      Spells:  0 memorised, 16 levels left

rFire  + . .     SeeInvis .     a - +4 dire flail (protect)
rCold  . . .     Clarity  .     B - +1 plate armour
rNeg   + . .     rCorr    +     (no shield)
rPois  +         rRot     .     (helmet restricted)
rElec  .         Spirit   .     (no cloak)
SustAb .         Warding  .     P - +2 pair of gloves
rMut   .         Stasis   .     r - +0 pair of boots
Gourm  .                        D - amulet of the Barnacle {rCorr rPois rN+ Dex+2}
MR     ++++.                    W - ring "Gomaomp" {MR+ Str+2 Int-1}
                                h - ring of protection from fire

@: exhausted, regenerating, slowed, very slow, incredibly resistant to hostile
enchantments, extremely unstealthy
A: retaliatory headbutt, horns 2, strong 1
a: Burn Spellbooks, Berserk, Trog's Hand, Brothers in Arms, Renounce Religion


You were on level 1 of the Depths.
You worshipped Trog.
Trog was extremely pleased with you.
You were near starving.

You visited 7 branches of the dungeon, and saw 34 of its levels.

You collected 3224 gold pieces.
You spent 1539 gold pieces at shops.

Inventory:

Hand weapons
 a - a +4 dire flail of protection (weapon)
 b - a +4 antimagic great mace
 c - a +4 quick blade of protection
 w - a +1 longbow of flaming
 x - a +6 dire flail of holy wrath
 V - the +8 cutlass of Loluth {elec, +Rage Dex+3}
   (Trog gifted it to you on level 3 of the Lair of Beasts)

   Occasionally, upon striking a foe, it will discharge some electrical energy
   and cause terrible harm.
   It affects your dexterity (+3).
   It lets you go berserk.
Missiles
 k - 22 arrows of dispersal
 N - 194 arrows
Armour
 r - a +0 pair of boots (worn)
 B - a +1 plate armour (worn)
 P - a +2 pair of gloves (worn)
Magical devices
 s - a wand of lightning (2)
 t - a wand of digging (4)
 y - a wand of paralysis (16)
 A - a wand of confusion (7)
 F - a wand of enslavement (6)
 O - a wand of disintegration (17)
 Q - a wand of slowing (9)
 T - a wand of frost (11)
 Y - a wand of fire (1)
Comestibles
 f - 11 beef jerkies
Scrolls
 e - 4 scrolls of magic mapping
 g - 4 scrolls of recharging
 m - 17 scrolls of remove curse
 n - 6 scrolls of enchant armour
 q - a scroll of blinking
 v - a scroll of brand weapon
 I - 11 scrolls of identify
 L - 4 scrolls of fear
 M - 6 scrolls of teleportation
Jewellery
 h - a ring of protection from fire (left hand)
 p - an uncursed ring of protection from cold
 D - the amulet of the Barnacle (around neck) {rCorr rPois rN+ Dex+2}
   (You bought it in a shop on level 15 of the Dungeon)

   [amulet of resist corrosion]

   It protects you from acid and corrosion.
   It affects your dexterity (+2).
   It protects you from poison.
   It protects you from negative energy.
 W - the ring "Gomaomp" (right hand) {MR+ Str+2 Int-1}
   (You bought it in a shop on level 4 of the Orcish Mines)

   [ring of protection from magic]

   It affects your strength (+2).
   It affects your intelligence (-1).
   It affects your resistance to hostile enchantments.
Potions
 d - a potion of restore abilities
 j - 3 potions of magic
 l - 5 potions of might
 o - 2 potions of lignification
 u - 8 potions of agility
 z - 2 potions of heal wounds
 E - 3 potions of cure mutation
 G - 3 potions of flight
 H - 2 potions of brilliance
 J - 3 potions of resistance
 U - a potion of cancellation
 Z - 3 potions of curing
Miscellaneous
 i - a stone of tremors
 C - a lantern of shadows
 X - a lamp of fire


   Skills:
 + Level 18.2 Fighting
 - Level 12.3 Short Blades
 * Level 16.5 Maces & Flails
 - Level 11.3 Bows
 + Level 18.0 Armour
 + Level 12.6 Dodging
   Level 1.6 Shields


You had 16 spell levels left.
You didn't know any spells.

Dungeon Overview and Level Annotations

Branches:
Dungeon (15/15)            Temple (0/1) D:6             Orc (4/4) D:10
    Elf (1/3) Orc:3          Lair (8/8) D:11         Shoals (1/5) Lair:6
  Snake (4/5) Lair:3        Slime (0/6) Lair:7       Vaults (0/5) D:13
 Depths (1/5) D:15

Altars:
Kikubaaqudgha
Makhleb
Nemelex Xobeh
Okawaru
Qazlal
Xom
Jiyva

Shops:
D:4 (   D:15 =   Orc:1 %   Orc:4 =(*[!!}   Snake:1 *   Snake:2 ?   Depths:1 }

Annotations:
Lair:1 exclusion: 4 oklob plants


Innate Abilities, Weirdness & Mutations

You reflexively headbutt those who attack you in melee.
You have a pair of horns on your head.
Your muscles are strong. (Str +2)


Message History

The iron shot hits your two-headed ogre.
Your two-headed ogre dies!
Your two-headed ogre's corpse disappears in a puff of smoke!
You feel a strong urge to attack something.
The octopode crusher shouts!
You feel your anger subside.
The octopode crusher tentacle-slaps you!
* * * LOW HITPOINT WARNING * * *
The octopode crusher grabs you.
* * * LOW HITPOINT WARNING * * *
The octopode crusher constricts you!
Your attempt to break free from the octopode crusher fails, but you feel that another attempt might succeed.
You are no longer berserk.
You are exhausted.
You feel yourself slow down.
You are near starving!
The octopode crusher tentacle-slaps you but does no damage.
The octopode crusher constricts you.
You open the door. The octopode crusher throws you!
You die...

#...........#.........#
#.?.##......#.........#
#...##......#.........#
#..........}#.........# .
#.#....######....######..
#........................
###....######.#.###......
####'######...# #.##+##
#....x@......## #[#....
#.≈(≈≈≈(≈≈..## #D#.###
#.≈≈≈≈###≈..# #.#.#≈≈
#.≈≈≈≈# #≈..#####§#.#≈≈
#.≈≈≈≈# #≈..+.....#.#≈≈
#.≈≈≈≈≈≈≈≈..####..#.###
+.≈≈≈≈≈≈≈≈..# #..+....
#...........# ####....
############# #####


You could see an octopode crusher.

Vanquished Creatures
  Saint Roka (Orc:4)
  Nikola (Depths:1)
  2 octopode crushers (Depths:1)
  Rupert (D:14)
  A greater naga (Snake:3)
  Aizul (Snake:1)
  An orc warlord (Orc:4)
  A very ugly thing (Depths:1)
  The ghost of Mayheim the Fencer, a powerful DsBe of Trog (D:13)
  An ettin (Depths:1)
  Snorg (Snake:1)
  10 hydras
  Harold (D:15)
  An ice dragon (Depths:1)
  11 naga warriors
  A rakshasa (Depths:1)
  4 centaur warriors
  7 death yaks (Lair:8)
  3 tengu warriors
  5 anacondas
  4 orc high priests (Orc:4)
  6 naga sharpshooters
  4 shock serpents (Snake:3)
  Nergalle (Lair:1)
  A catoblepas (Lair:8)
  4 skeletal warriors (D:15)
  A salamander mystic (Snake:3)
  2 sea snakes (Shoals:1)
  A wizard (D:13)
  3 orc knights (Orc:4)
  An unseen horror (D:15)
  A naga ritualist (Snake:1)
  Pikel (D:3)
  3 harpies (Shoals:1)
  10 mana vipers
  6 ugly things
  5 orc sorcerers
  A red wasp (D:13)
  A lindwurm (Lair:5)
  5 griffons
  5 salamanders
  4 hill giants
  A necromancer (D:13)
  A wolf spider (D:15)
  A mermaid (Shoals:1)
  3 guardian serpents
  6 manticores
  22 black mambas
  12 elephants
  Maurice (Orc:2)
  3 cyclopes (D:13)
  2 smoke demons
  3 gargoyles
  A queen ant (D:10)
  A feature mimic (Orc:4)
  16 spiny frogs
  2 iron devils
  An orange demon (Orc:4)
  2 torpor snails
  8 naga magi
  3 kobold demonologists
  7 trolls
  3 fire drakes
  An item mimic (Orc:4)
  A queen bee (shapeshifter) (D:15)
  2 blue devils
  17 komodo dragons
  A hydra zombie (D:11)
  A tengu conjurer (D:13)
  5 polar bears (Lair:8)
  A hellwing (D:14)
  A red wasp zombie (D:13)
  2 merfolk (Shoals:1)
  13 slime creatures
  Prince Ribbit (D:8)
  11 ravens
  A trapdoor spider zombie (D:9)
  19 blink frogs
  A boulder beetle (Lair:8)
  A snapping turtle (Shoals:1)
  2 two-headed ogres
  5 deep elf magi
  5 basilisks
  A spriggan (shapeshifter) (D:15)
  A trapdoor spider (D:13)
  3 wyverns
  2 shadows
  9 hogs (Lair:8)
  33 nagas
  59 yaks
  A steam dragon (D:12)
  3 wraiths
  A ynoxinul (D:13)
  Grum (D:8)
  A deep elf fighter (D:8)
  Edmund (D:8)
  A hill giant skeleton (D:11)
  7 wargs
  14 hippogriffs
  20 soldier ants (D:10)
  34 wolves
  4 hell hounds (Lair:8)
  36 water moccasins
  10 ice beasts
  14 porcupines
  8 spiders (Snake:4)
  A yellow wasp (D:11)
  13 ogres
  35 orc warriors
  4 phantoms
  A slave (D:4)
  8 black bears
  3 sky beasts
  16 centaurs
  9 big kobolds
  A necrophage (D:10)
  10 crocodiles
  15 giant frogs
  A gnoll sergeant (Orc:4)
  3 scorpions
  2 cyclops skeletons
  An eye of draining (D:12)
  A hippogriff zombie (D:10)
  A yak zombie (D:8)
  4 wights (D:7)
  9 killer bees
  A troll skeleton (D:5)
  The ghost of Rafael the Digger, a weakling DsEE (D:4)
  A tengu skeleton (D:12)
  A vampire bat (Lair:7)
  6 electric eels
  17 crimson imps
  23 hounds
  2 goliath beetles
  3 iron imps
  4 jellies
  4 quasits
  Crazy Yiuf (D:2)
  8 iguanas
  46 orc wizards
  39 orc priests
  A centaur skeleton (D:5)
  9 sheep
  33 worker ants
  21 green rats
  25 adders
  20 gnolls
  8 orc skeletons
  3 shadow imps
  A giant mite (D:2)
  2 white imps
  3 worms
  2 ufetubi
  7 giant geckos
  3 oozes
  220 orcs
  4 ball pythons
  6 giant cockroaches
  24 goblins
  21 hobgoblins
  14 jackals
  20 bats
  8 giant newts
  A goblin skeleton (D:4)
  A hobgoblin skeleton (D:4)
  21 kobolds
  5 orc zombies (Orc:4)
  15 quokkas
  21 rats
  A rat skeleton (D:5)
  9 ballistomycetes
  A bush (Lair:2)
  A fungus (Lair:5)
  2 plants
1407 creatures vanquished.

Vanquished Creatures (collateral kills)
  A greater naga (Snake:1)
  2 naga warriors (Snake:4)
  A spriggan air mage (Depths:1)
  A naga sharpshooter (Snake:4)
  A slime creature (D:14)
  A guardian serpent (Snake:4)
  A naga mage (Snake:4)
  A hungry ghost (D:14)
  A naga (Snake:4)
  2 orc warriors (Orc:4)
  2 crocodiles (Lair:5)
  An orc wizard (Orc:4)
  2 adders (Lair:5)
17 creatures vanquished.

Vanquished Creatures (others)
  A deep troll (D:14)
  3 drowned souls (Shoals:1)
  A naga mage (Snake:3)
  A two-headed ogre (Depths:1)
  A swamp drake (Orc:4)
  3 orcs (D:4)
  4 giant spores
  2 ballistomycetes
  12 fungi
  9 plants
37 creatures vanquished.

Grand Total: 1461 creatures vanquished

Notes
Turn   | Place    | Note
--------------------------------------------------------------
     0 | D:1      | Simboubou, the Minotaur Berserker, began the quest for the Orb.
     0 | D:1      | Reached XP level 1. HP: 19/19 MP: 1/1
   200 | D:1      | Reached XP level 2. HP: 24/27 MP: 1/1
   381 | D:1      | Acquired Trog's second power
   587 | D:1      | Reached skill level 4 in Fighting
   989 | D:2      | Reached XP level 3. HP: 24/33 MP: 2/2
  1350 | D:2      | Reached XP level 4. HP: 39/41 MP: 2/2
  1836 | D:2      | Noticed Crazy Yiuf
  1844 | D:2      | Killed Crazy Yiuf
  1844 | D:2      | Reached skill level 5 in Maces & Flails
  2471 | D:3      | Reached skill level 5 in Fighting
  2565 | D:3      | Reached XP level 5. HP: 43/48 MP: 2/2
  2568 | D:3      | Noticed a phantom
  2591 | D:3      | Killed a phantom
  2591 | D:3      | Reached skill level 6 in Maces & Flails
  2929 | D:3      | Found a glowing drain.
  2947 | D:3      | Reached XP level 6. HP: 31/56 MP: 3/3
  3157 | D:4      | Acquired Trog's third power
  3279 | D:4      | Found Huaxuf's Weapon Emporium.
  3662 | D:4      | Noticed Pikel
  3695 | D:3      | Killed Pikel
  3695 | D:3      | Reached skill level 7 in Fighting
  3695 | D:3      | Reached skill level 8 in Maces & Flails
  3695 | D:3      | Reached XP level 7. HP: 59/66 MP: 1/3
  3996 | D:4      | Noticed Rafael's ghost (weakling DsEE)
  4307 | D:4      | Reached skill level 9 in Maces & Flails
  4539 | D:4      | Killed Rafael's ghost
  5040 | D:5      | Entered Level 5 of the Dungeon
  5060 | D:5      | Reached XP level 8. HP: 55/70 MP: 3/3
  5075 | D:5      | Found a sparkling altar of Nemelex Xobeh.
  5313 | D:5      | Received a gift from Trog
  5954 | D:5      | Reached skill level 10 in Maces & Flails
  6064 | D:5      | Found a shimmering altar of Xom.
  6636 | D:6      | Reached skill level 5 in Armour
  6636 | D:6      | Reached XP level 9. HP: 62/78 MP: 4/4
  6787 | D:6      | Found an iron altar of Okawaru.
  6891 | D:6      | Reached skill level 5 in Dodging
  6900 | D:6      | Found an ancient bone altar of Kikubaaqudgha.
  7144 | D:6      | Found a burning altar of Makhleb.
  7248 | D:6      | Found a staircase to the Ecumenical Temple.
  7482 | D:7      | Reached skill level 11 in Maces & Flails
  8569 | D:8      | Noticed Prince Ribbit
  8580 | D:8      | Killed Prince Ribbit
  8709 | D:8      | Noticed Grum
  8715 | D:8      | Reached skill level 12 in Maces & Flails
  8725 | D:8      | Reached XP level 10. HP: 80/88 MP: 4/4
  8760 | D:8      | Killed Grum
  8903 | D:8      | Noticed Edmund
  8924 | D:8      | Killed Edmund
  9496 | D:9      | Received a gift from Trog
  9591 | D:9      | Reached skill level 10 in Fighting
  9591 | D:9      | Reached skill level 1 in Short Blades
 10356 | D:10     | Entered Level 10 of the Dungeon
 10530 | D:10     | Found a staircase to the Orcish Mines.
 11046 | D:10     | Reached XP level 11. HP: 95/98 MP: 1/4
 11083 | D:10     | Noticed a hill giant
 11091 | D:10     | Killed a hill giant
 11387 | D:10     | Reached skill level 13 in Fighting
 11387 | D:10     | Reached XP level 12. HP: 105/112 MP: 1/5
 11823 | D:10     | Received a gift from Trog
 11823 | D:10     | Reached skill level 10 in Dodging
 12892 | D:11     | Noticed a seven-headed hydra
 12911 | D:11     | Killed a seven-headed hydra
 13090 | D:11     | Found a staircase to the Lair.
 13491 | D:11     | Found a stormy altar of Qazlal.
 14122 | D:12     | Reached skill level 14 in Fighting
 14481 | D:12     | Reached skill level 1 in Bows
 14600 | D:12     | Received a gift from Trog
 14719 | D:12     | Reached skill level 10 in Armour
 15972 | D:13     | Reached XP level 13. HP: 115/121 MP: 5/5
 15994 | D:13     | Noticed a centaur warrior
 16007 | D:13     | Killed a centaur warrior
 16617 | D:13     | Found a gate to the Vaults.
 16983 | D:13     | Noticed a centaur warrior
 16991 | D:13     | Killed a centaur warrior
 17020 | D:13     | Noticed Mayheim's ghost (powerful DsBe)
 17046 | D:13     | Killed Mayheim's ghost
 17530 | D:13     | Received a gift from Trog
 17959 | D:14     | Noticed Rupert
 18226 | D:14     | Reached skill level 5 in Bows
 18780 | D:14     | Reached skill level 15 in Maces & Flails
 18785 | D:14     | Killed Rupert
 18785 | D:14     | Reached skill level 15 in Fighting
 19715 | D:15     | Entered Level 15 of the Dungeon
 19758 | D:15     | Reached XP level 14. HP: 93/132 MP: 3/5
 19808 | D:15     | Noticed Harold
 19817 | D:15     | Killed Harold
 19924 | D:15     | Got a fine scale mail
 19935 | D:15     | Identified the +1 scale mail of Unreason {Stlth+} (You found it on level 15 of the Dungeon)
 20107 | D:15     | Found Thrinuw's Jewellery Shop.
 20111 | D:15     | Bought the amulet of the Barnacle {rCorr rPois rN+ Dex+2} for 594 gold pieces
 20183 | D:15     | Received a gift from Trog
 20410 | D:15     | Found a frozen archway.
 20752 | D:15     | Found a stormy altar of Qazlal.
 20759 | D:15     | Found a burning altar of Makhleb.
 20874 | D:15     | Found a staircase to the Depths.
 21492 | Lair:1   | Entered Level 1 of the Lair of Beasts
 21715 | Lair:1   | Identified a scroll of acquirement
 21811 | Lair:1   | Received a gift from Trog
 21850 | Lair:1   | Noticed Nergalle
 21859 | Lair:1   | Killed Nergalle
 23233 | Lair:2   | Received a gift from Trog
 24293 | Lair:3   | Found a staircase to the Snake Pit.
 24714 | Lair:3   | Received a gift from Trog
 24715 | Lair:3   | Got a fine cutlass {god gift}
 24716 | Lair:3   | Identified the +8 cutlass of Loluth {elec, +Rage Dex+3} (Trog gifted it to you on level 3 of the Lair of Beasts)
 24987 | Lair:4   | Reached skill level 5 in Short Blades
 26794 | Lair:5   | Reached skill level 15 in Armour
 26955 | Lair:5   | Received a gift from Trog
 27534 | Lair:5   | Reached XP level 15. HP: 110/140 MP: 6/6
 27652 | Lair:6   | Found a staircase to the Shoals.
 27659 | Lair:6   | Reached skill level 16 in Fighting
 28973 | Lair:6   | Received a gift from Trog
 29290 | Lair:6   | Upgraded the game from 0.15.0-8-gb109cf8 to 0.15.0-11-g6f4f891
 29387 | Lair:7   | Received a gift from Trog
 29741 | Lair:7   | Found a viscous altar of Jiyva.
 29741 | Lair:7   | Found a staircase to the Slime Pits.
 30346 | Lair:8   | Entered Level 8 of the Lair of Beasts
 30603 | Lair:8   | Received a gift from Trog
 30881 | Lair:8   | Received a gift from Trog
 31182 | Lair:8   | Reached skill level 10 in Short Blades
 31379 | Lair:8   | Received a gift from Trog
 31717 | Lair:8   | Received a gift from Trog
 32553 | Orc:1    | Entered Level 1 of the Orcish Mines
 32786 | Orc:1    | Reached skill level 10 in Bows
 32958 | Orc:2    | Received a gift from Trog
 32959 | Orc:2    | Got an ancient dagger {god gift}
 32964 | Orc:2    | Identified the +2 dagger "Fotoh" {stab, +Inv rF-} (Trog gifted it to you on level 2 of the Orcish Mines)
 33261 | Orc:3    | Reached XP level 16. HP: 128/151 MP: 2/6
 33380 | Orc:3    | Found a staircase to the Elven Halls.
 33714 | Orc:4    | Entered Level 4 of the Orcish Mines
 33714 | Orc:4    | Found Manuinup's General Store.
 33717 | Orc:4    | Manuinup's General Store was a mimic.
 33725 | Orc:4    | Noticed Saint Roka
 33998 | Orc:4    | Received a gift from Trog
 34244 | Orc:4    | Killed Saint Roka
 34478 | Orc:4    | Found Schaowkot's Distillery.
 34491 | Orc:4    | Found Ustup's Gadget Boutique.
 34512 | Orc:4    | Bought a potion of heal wounds for 48 gold pieces
 34512 | Orc:4    | Bought a potion of heal wounds for 48 gold pieces
 34597 | Orc:4    | Reached skill level 17 in Fighting
 35742 | Orc:4    | Received a gift from Trog
 36136 | Orc:4    | Received a gift from Trog
 36581 | Orc:4    | Found Isteathro's Antique Armour Emporium.
 36582 | Orc:4    | Found Crafyijo's Antique Weapon Emporium.
 36584 | Orc:4    | Found Ghodonk's General Store.
 36584 | Orc:4    | Found Plugoug's Jewellery Shoppe.
 36622 | Orc:4    | Bought the ring "Gomaomp" {MR+ Str+2 Int-1} for 545 gold pieces
 36826 | Orc:4    | Received a gift from Trog
 37076 | Orc:4    | Found Xecufei's Distillery.
 37090 | Orc:4    | Bought a potion of curing for 30 gold pieces
 37090 | Orc:4    | Bought a potion of curing for 30 gold pieces
 37090 | Orc:4    | Bought a potion of heal wounds for 45 gold pieces
 37090 | Orc:4    | Bought a potion of heal wounds for 45 gold pieces
 37394 | Elf:1    | Entered Level 1 of the Elven Halls
 37406 | Orc:2    | Found a burning altar of Makhleb.
 37408 | Orc:2    | Noticed Maurice
 37435 | Orc:2    | Killed Maurice
 37556 | Orc:2    | Received a gift from Trog
 38015 | Orc:1    | Found Hautwug's Food Boutique.
 38044 | Orc:1    | Bought a beef jerky for 19 gold pieces
 38756 | Snake:1  | Entered Level 1 of the Snake Pit
 38782 | Snake:1  | Found Roen Ifihaza's General Store.
 39041 | Snake:1  | Noticed Aizul
 39096 | Snake:1  | Killed Aizul
 39510 | Snake:1  | Found an iron altar of Okawaru.
 39533 | Snake:1  | Noticed Snorg
 39553 | Snake:1  | Killed Snorg
 40335 | Snake:1  | Received a gift from Trog
 40336 | Snake:1  | Got a bloodstained dagger {god gift}
 40343 | Snake:1  | Identified the +4 dagger of the Pillar {antimagic, Dex+2} (Trog gifted it to you on level 1 of the Snake Pit)
 40706 | Snake:2  | Found Ofyr's Magic Scroll Shoppe.
 40718 | Snake:2  | Bought a scroll of blinking for 135 gold pieces
 42597 | Snake:3  | Received a gift from Trog
 42597 | Snake:3  | Reached XP level 17. HP: 158/160 MP: 6/6
 42951 | Snake:4  | Received a gift from Trog
 44692 | Snake:4  | Reached skill level 18 in Fighting
 44970 | Snake:4  | Reached skill level 1 in Shields
 45135 | Snake:4  | Gained mutation: Your muscles are strong. (Str +2) [potion of beneficial mutation]
 45452 | Snake:4  | Received a gift from Trog
 45851 | Shoals:1 | Entered Level 1 of the Shoals
 46791 | Depths:1 | Entered Level 1 of the Depths
 46808 | Depths:1 | Found Pria's Gadget Emporium.
 47875 | Depths:1 | Noticed Nikola
 47901 | Depths:1 | Killed Nikola
 48306 | Depths:1 | Thrown by an octopode crusher

Action                   |  1- 3 |  4- 6 |  7- 9 | 10-12 | 13-15 | 16-18 || total
-------------------------+-------+-------+-------+-------+-------+-------++-------
Melee: Mace              |    82 |    38 |       |       |       |       ||   120
       Hammer            |       |   131 |   324 |   630 |       |       ||  1085
       Whip              |       |       |   107 |       |       |       ||   107
       Great mace        |       |       |       |    96 |   247 |   185 ||   528
       Quick blade       |       |       |       |    22 |   727 |   609 ||  1358
       Flail             |       |       |       |    11 |    89 |       ||   100
       Dire flail        |       |       |       |    50 |  1016 |   292 ||  1358
       Cutlass           |       |       |       |       |    76 |       ||    76
       Demon whip        |       |       |       |       |    37 |       ||    37
       Unarmed           |       |       |       |       |    31 |   139 ||   170
       Morningstar       |       |       |       |       |       |    16 ||    16
 Fire: Shortbow          |       |       |    21 |    90 |    21 |       ||   132
       Longbow           |       |       |       |       |    84 |   459 ||   543
Throw: Stone             |       |       |   100 |    14 |    35 |       ||   149
       Tomahawk          |       |       |       |    16 |       |       ||    16
Invok: Berserk           |       |     3 |     3 |     7 |     9 |    10 ||    32
       Trog's Hand       |       |     1 |       |     3 |     1 |     5 ||    10
       Brothers in Arms  |       |       |       |       |     1 |     6 ||     7
       Burn Spellbooks   |       |       |       |       |     2 |     4 ||     6
Evoke: Wand              |       |     1 |       |     1 |     7 |     9 ||    18
  Use: Scroll            |     1 |     8 |    10 |     7 |    13 |     7 ||    46
       Potion            |       |       |     3 |     2 |     1 |     8 ||    14
 Stab: Fleeing           |       |       |       |       |     1 |       ||     1
  Eat: Bread ration      |     1 |     2 |       |     2 |     8 |     7 ||    20
       Fruit             |       |       |     3 |     1 |     8 |     3 ||    15
       Meat ration       |       |       |     2 |     1 |     2 |     2 ||     7
       Beef jerky        |       |       |     2 |     1 |     2 |     7 ||    12
       Royal jelly       |       |       |     1 |     2 |     6 |       ||     9
       Pizza             |       |       |       |     8 |       |     1 ||     9
